 Dungeon Crawl Stone Soup version 0.30.0-18-gc0e69614cb (webtiles) character file.

Game seed: 9022401102586678569

1491 RascalDebosk the Magician (level 9, -1/65 HPs)
             Began as a Djinni Summoner on May 25, 2023.
             Was an Initiate of Ashenzari.
             Slain by a killer bee (4 damage)
             ... on level 6 of the Dungeon.
             The game lasted 00:45:36 (4355 turns).

RascalDebosk the Magician (Djinni Summoner)         Turns: 4355, Time: 00:45:36

Health: -1/65      AC:  6    Str:  7    XL:     9   Next: 7%
Gold:   185        EV: 12    Int: 22    God:    Ashenzari [......] SH:  0 Dex: 19

rFire   + + .        d - +1 dagger (venom)
rCold   x . .        (no shield)
rNeg    . . .        a - +0 robe
rPois   ∞            (no helmet)
rElec   .            s - scarf {+Inv}
rCorr   .            (no gloves)
SInv    .            (boots unavailable)
Will    .....        (no amulet)
Stlth   ++           i - +6 ring of dexterity
HPRegen 0.30/turn    v - +4 ring of protection
MPRegen 0.00/turn

%: infuse magic (-2 HP)
@: flying
A: sickness immunity, fire resistance 2, cold vulnerability 1, float, innate
caster, HP casting, extra vitality 1
a: Renounce Religion, Evoke Invisibility


You were on level 6 of the Dungeon.
You worshipped Ashenzari.
Ashenzari was noncommittal.
You visited 2 branches of the dungeon, and saw 7 of its levels.

You collected 185 gold pieces.

Inventory:

Hand Weapons
 d - a +1 dagger of venom (weapon)
Armour
 a - a +0 robe (worn)
 q - a +0 helmet
 s - a scarf of invisibility (worn)
Jewellery
 h - a ring of protection from fire
 i - a +6 ring of dexterity (left hand)
 v - a +4 ring of protection (right hand)
Wands
 m - a wand of flame (21)
 p - a wand of roots (7)
Scrolls
 b - 4 scrolls of identify {unknown}
 c - 2 scrolls of brand weapon {unknown}
 f - 2 scrolls of immolation {unknown}
 j - a scroll of vulnerability {unknown}
 l - 5 scrolls of teleportation {unknown}
 o - a scroll of blinking {unknown}
 r - a scroll of fear {unknown}
 w - a scroll of silence {unknown}
 x - a scroll of amnesia {unknown}
Potions
 e - 3 potions of curing
 g - 2 potions of attraction {unknown}
 k - 2 potions of heal wounds {unknown}
 n - a potion of brilliance {unknown}
 t - 2 potions of might {unknown}
 u - a potion of cancellation {unknown}
 z - a potion of ambrosia {unknown}


   Skills:
 * Level 5.0 Fighting
 + Level 3.4 Armour
 - Level 2.1 Dodging
 - Level 1.5 Stealth
 + Level 3.4 Shields
 * Level 6.0 Spellcasting
 + Level 3.5 Evocations


You knew the following spells:

 Your Spells              Type           Power      Damage    Failure   Level
a - Summon Small Mammal   Summ           100%       N/A       1%          1
b - Call Imp              Summ           66%        N/A       1%          2
c - Call Canine Familiar  Summ           33%        N/A       2%          3
d - Summon Guardian Gole  Hex/Summ       33%        N/A       2%          3
e - Summon Lightning Spi  Summ/Air       33%        N/A       8%          4
f - Foxfire               Conj/Fire      100%       2x1d9     1%          1
g - Static Discharge      Conj/Air       66%        2-5/arc   1%          2
h - Vhi's Electric Charg  Tloc/Air       66%        N/A       2%          3
i - Volatile Blastmotes   Fire/Tloc      66%        2d15      2%          3
Your spell library was empty.

Dungeon Overview and Level Annotations

Branches:
Dungeon (6/15)             Temple (1/1) D:5

Altars:
Ashenzari
Dithmenos
Elyvilon
Fedhas
Gozag
Makhleb
Nemelex Xobeh
Okawaru
Qazlal
Ru
Trog
Uskayaw
Xom
Zin
The Shining One


Innate Abilities, Weirdness & Mutations

You are immune to sickness and miasma.
You are immune to poison.
Your flesh is very heat resistant. (rF++)
You are vulnerable to cold. (rC-)
You float through the air rather than walking.
You learn spells naturally, not from books.
Your magical power is your life essence.
You have superior vitality. (+4 MHP)


Message History

You barely miss the sky beast.
The sky beast is almost dead.
You kill the sky beast!
The killer bee closely misses you.
Casting: Call Canine Familiar (dangerous; 2% risk of failure)
Confirm with . or Enter, or press ? or * to list all spells.
The killer bee is struck by an arc of lightning.
The killer bee is moderately wounded.
The killer bee is struck by an arc of lightning.
The killer bee is lightly wounded.
The killer bee is struck by an arc of lightning.
The killer bee is lightly wounded.
The lightning grounds out.
The killer bee barely misses you.
A killer bee comes into view.
The killer bee stings you.
Casting: Static Discharge (safe; 1% risk of failure)
Confirm with . or Enter, or press ? or * to list all spells.
The killer bee is struck by an arc of lightning!
The killer bee is severely wounded.
The killer bee is struck by an arc of lightning.
The killer bee is heavily wounded.
The killer bee is struck by an arc of lightning.
The killer bee is moderately wounded.
The killer bee is struck by an arc of lightning.
The killer bee is lightly wounded.
The lightning grounds out.
The killer bee buzzes angrily.
The killer bee stings you. x2
* * * LOW HITPOINT WARNING * * *
Casting: Static Discharge (safe; 1% risk of failure)
Confirm with . or Enter, or press ? or * to list all spells.
The killer bee is struck by an arc of lightning.
The killer bee is almost dead.
You are struck by an arc of lightning.
* * * LOW HITPOINT WARNING * * *
The lightning grounds out.
* * * LOW HITPOINT WARNING * * *
The killer bee barely misses you. The killer bee stings you.
* * * LOW HITPOINT WARNING * * *
Casting: Static Discharge (safe; 1% risk of failure)
Confirm with . or Enter, or press ? or * to list all spells.
The killer bee is struck by an arc of lightning!
You kill the killer bee!
The killer bee is struck by an arc of lightning.
The killer bee is severely wounded.
The killer bee is struck by an arc of lightning.
The killer bee is heavily wounded.
The killer bee is struck by an arc of lightning.
The killer bee is moderately wounded.
The killer bee is struck by an arc of lightning.
The killer bee is heavily wounded.
The lightning grounds out.
* * * LOW HITPOINT WARNING * * *
The killer bee closely misses you.
Your Spellcasting skill increases to level 6!
You have reached level 9!
Your experience leads to an increase in your attributes!
Your base attributes are Str 7, Int 20, Dex 13.
Increase (s)trength, (i)ntelligence, or (d)exterity?
You feel clever. x2
The power to cast Volatile Blastmotes wells up from within.
Spell assigned to 'i'.
Casting: Static Discharge (safe; 1% risk of failure)
Confirm with . or Enter, or press ? or * to list all spells.
A cloud of volatile blastmotes flares up around you!
* * * LOW HITPOINT WARNING * * *
The killer bee barely misses you. The killer bee stings you.
* * * LOW HITPOINT WARNING * * *
The killer bee attacks as you move away!
The killer bee stings you.
* * * LOW HITPOINT WARNING * * *
The cloud of blastmotes explodes!
The concussive blast engulfs the killer bee!
You kill the killer bee!
The concussive blast engulfs you. You resist.
* * * LOW HITPOINT WARNING * * *
You hear an angry buzzing noise.
You hear an angry hiss.
The killer bee stings you.
* * * LOW HITPOINT WARNING * * *
Aiming: Fastroot
Press: ? - help, Shift-Dir - straight line, f - killer bee
Aim: a killer bee (heavily wounded)
The roots erupt in riotous growth!
Roots grab the killer bee. x2
The grasping roots constrict the killer bee!
You kill the killer bee!
The grasping roots constrict the killer bee!
The killer bee struggles to escape constriction.
Your Fighting skill increases to level 5!
Aiming: Fastroot
Press: ? - help, Shift-Dir - straight line, f - killer bee, p - killer bee
Aim: a killer bee (lightly wounded)
The roots erupt in riotous growth!
Roots grab the killer bee.
The killer bee is unaffected.
The grasping roots constrict the killer bee.
You kill the killer bee!
The grasping roots constrict the killer bee.
The killer bee stings you.
You die...

... ##.#. ..# #...
.#..# ...# ..#).#
#y. ......## #.#
........ #†#
.......######†#
.......##..@y†#
#.†...########
###............#
#...#..........#
.....#...##.......#
...####.#####......#
.. #.# #......#
#.####.# #......#
#......# #......#


You could see a killer bee (rooted).

Vanquished Creatures
  A nameless horror (D:4)
  A water moccasin (D:5)
  A sky beast (D:6)
  A centaur (D:5)
  3 scorpions
  4 killer bees (D:6)
  A howler monkey (D:6)
  3 hounds
  2 orc priests (D:5)
  An iguana (D:4)
  An orc wizard (D:5)
  3 adders
  7 orcs
  3 endoplasms
  4 hobgoblins
  A jackal (D:1)
  2 quokkas
  2 ball pythons
  2 bats (D:1)
  A frilled lizard (D:2)
  A goblin (D:3)
  5 kobolds
50 creatures vanquished.

Vanquished Creatures (collateral kills)
  Grinder (D:3)
  A black bear (D:6)
  A centaur (D:5)
  A hound (D:4)
  An orc priest (D:5)
  An orc wizard (D:5)
  Robin (D:3)
  5 adders
  A white imp (D:4)
  3 worms
  8 orcs
  2 bats
  7 endoplasms
  4 giant cockroaches
  9 goblins
  9 hobgoblins
  10 jackals
  6 kobolds
  A quokka (D:1)
  2 ball pythons
  3 frilled lizards
  5 rats
82 creatures vanquished.

Vanquished Creatures (others)
  155 foxfires
155 creatures vanquished.

Grand Total: 287 creatures vanquished

Notes
Turn   | Place    | Note
-------+----------+-------------------------------------------
     0 | D:1      | RascalDebosk the Djinni Summoner began the quest for the
                  | Orb.
     0 | D:1      | RascalDebosk set off with the following spells memorised:
                  | Summon Small Mammal, Call Imp, Call Canine Familiar, Summon
                  | Guardian Golem, Summon Lightning Spire.
     0 | D:1      | Reached XP level 1. HP: 15/15 MP: 0/0
   169 | D:1      | Reached XP level 2. HP: 19/21 MP: 0/0
   689 | D:1      | Reached XP level 3. HP: 25/25 MP: 0/0
   689 | D:1      | Learned a level 1 spell: Foxfire
   801 | D:1      | Reached skill level 4 in Spellcasting
  1119 | D:2      | Reached XP level 4. HP: 28/31 MP: 0/0
  1775 | D:3      | Noticed Grinder
  1780 | D:3      | Paralysed by Grinder for 5 turns
  1786 | D:3      | Killed Grinder
  1787 | D:3      | Reached skill level 1 in Armour
  1787 | D:3      | Reached skill level 1 in Shields
  1787 | D:3      | Reached skill level 1 in Evocations
  1787 | D:3      | Reached XP level 5. HP: 22/38 MP: 0/0
  1787 | D:3      | Learned a level 2 spell: Static Discharge
  1787 | D:3      | Reached XP level 6. HP: 26/43 MP: 0/0
  1939 | D:3      | Found a hide-covered altar of Uskayaw.
  2029 | D:3      | Found an opulent altar of Gozag.
  2037 | D:3      | Noticed Robin
  2055 | D:3      | Killed Robin
  2637 | D:4      | Reached skill level 5 in Spellcasting
  2637 | D:4      | Reached XP level 7. HP: 48/49 MP: 0/0
  2637 | D:4      | Learned a level 3 spell: Vhi's Electric Charge
  2666 | D:4      | Noticed a nameless horror
  2676 | D:4      | Killed a nameless horror
  3387 | D:5      | Entered Level 5 of the Dungeon
  3499 | D:5      | Noticed a water moccasin
  3504 | D:5      | Killed a water moccasin
  3505 | D:5      | Reached XP level 8. HP: 38/58 MP: 0/0
  3578 | D:5      | Found a staircase to the Ecumenical Temple.
  3596 | Temple   | Entered the Ecumenical Temple
  3605 | Temple   | Became a worshipper of Ashenzari the Shackled
  4035 | D:5      | Identified the +5 quarterstaff of Conformity {heavy, Str+2}
  4351 | D:6      | Reached skill level 6 in Spellcasting
  4351 | D:6      | Reached XP level 9. HP: 25/64 MP: 0/0
  4351 | D:6      | Learned a level 3 spell: Volatile Blastmotes
  4353 | D:6      | HP: 2/64 [killer bee (5)]
  4355 | D:6      | Reached skill level 5 in Fighting
  4355 | D:6      | Slain by a killer bee

Illustrated notes

Levels and vault maps discovered:
D:1:      psy_arrival_statuary, layout_basic, serial_forest,
          infiniplex_forest_pool, infiniplex_forest_lined_2,
          infiniplex_forest_end_1, infiniplex_forest_straight_2,
          infiniplex_forest_end_2, infiniplex_forest_clump_long,
          infiniplex_forest_corner_1
D:2:      layout_rooms
D:3:      layout_rooms, grunt_gozag_statues, old_standard_altar,
          old_standard_altar, uniq_grinder, uniq_robin
D:4:      layout_rooms
D:5:      layout_cave_pools, minmay_temple_entry_arrows
D:6:      layout_rooms, uniq_menkaure, uniq_pikel, uniq_blork_the_orc,
          uniq_prince_ribbit1
Temple:   nicolae_temple_ecumenical_triangle

Skill      XL: |  1  2  3  4  5  6  7  8  9 |
---------------+----------------------------+-----
Spellcasting   | 4 5 6 |  6.0
Fighting       | 2 3 4 5 |  5.0
Armour         | 1 2 3 |  3.4
Shields        | 1 2 3 |  3.4
Evocations     | 1 2 3 |  3.5
Dodging        | |  2.1
Stealth        | |  1.5

Action                     |  1- 3 |  4- 6 |  7- 9 || total
---------------------------+-------+-------+-------++-------
  Melee: Dagger            |    14 |     4 |    35 ||    53
   Cast: Summon Small Mamm |    46 |    14 |     6 ||    66
         Call Imp          |    11 |     6 |     2 ||    19
         Call Canine Famil |     2 |     7 |     5 ||    14
         Foxfire           |     1 |    24 |    66 ||    91
         Summon Guardian G |       |     6 |     2 ||     8
         Summon Lightning  |       |    10 |    11 ||    21
         Static Discharge  |       |     2 |    10 ||    12
         Vhi's Electric Ch |       |       |     3 ||     3
         Volatile Blastmot |       |       |     1 ||     1
  Evoke: Wand              |       |       |     2 ||     2
   Stab: Distracted        |       |       |     1 ||     1
 Armour: Robe              |    18 |     1 |    14 ||    33
  Dodge: Dodged            |    39 |    10 |    36 ||    85
